 Dungeon Crawl Stone Soup version 0.21.2 (webtiles) character file.

86 asishallab the Charmwright (level 4, 0/38 HPs)
             Began as a Gnoll Skald on Oct 13, 2018.
             Slain by a gnoll
             ... wielding a +0 flail
              (5 damage)
             ... on level 3 of the Dungeon.
             The game lasted 00:05:03 (2110 turns).

asishallab the Charmwright (Gnoll Skald)            Turns: 2110, Time: 00:05:04

Health: 0/38       AC:  6    Str: 13    XL:     4   Next: 49%
Magic:  11/11      EV: 13    Int: 15    God:
Gold:   139        SH:  0    Dex: 16    Spells: 2/13 levels left

rFire    . . .     SeeInvis .   a - +0 hand axe
rCold    . . .     Gourm    .   (no shield)
rNeg     . . .     Faith    .   j - +0 ring mail
rPois    .         Spirit   .   (no helmet)
rElec    .         Reflect  .   (no cloak)
rCorr    .         Harm     .   o - +0 pair of gloves
MR       .....                  (no boots)
Stlth    +.........             (no amulet)
HPRegen  0.12/turn              (no ring)
MPRegen  0.12/turn              (no ring)

@: no status effects
A: distributed training, fangs 1, strong nose
a: no special abilities


You were on level 3 of the Dungeon.
You were hungry.

You visited 1 branch of the dungeon, and saw 3 of its levels.

You collected 139 gold pieces.

Inventory:

Hand Weapons
 a - a +0 hand axe (weapon)
Missiles
 e - 81 stones
 h - 7 tomahawks (quivered)
Armour
 b - a +0 leather armour
 j - a +0 ring mail (worn)
 o - a +0 pair of gloves (worn)
Jewellery
 f - an uncursed amulet of the gourmand {unknown}
Scrolls
 g - 2 scrolls of fear {unknown}
 i - a scroll of remove curse {unknown}
 k - a scroll of immolation {unknown}
 l - 2 scrolls of identify {unknown}
 p - a scroll of amnesia {unknown}
Potions
 m - a potion of curing {unknown}
 n - a potion of magic {unknown}
 q - a potion of brilliance {unknown}
 r - a potion of flight {unknown}
Books
 c - a book of Battle

   Spells                             Type                      Level
   a - Infusion                       Charms                       1
   b - Shroud of Golubria             Charms/Translocation         2
   c - Song of Slaying                Charms                       2
   d - Spectral Weapon                Hexes/Charms                 3
   e - Regeneration                   Charms/Necromancy            3
Comestibles
 d - 5 rations


   Skills:
 + Level 4.6 Fighting
 + Level 1.1 Short Blades
 + Level 1.1 Long Blades
 + Level 4.6 Axes
 + Level 1.1 Maces & Flails
 + Level 1.1 Polearms
 + Level 1.1 Staves
 + Level 1.1 Slings
 + Level 1.1 Bows
 + Level 1.1 Crossbows
 + Level 1.1 Throwing
 + Level 2.7 Armour
 + Level 4.6 Dodging
 + Level 1.1 Stealth
 + Level 1.1 Shields
 + Level 1.1 Unarmed Combat
 + Level 5.1 Spellcasting
 + Level 0.9 Conjurations
 + Level 0.9 Hexes
 + Level 5.4 Charms
 + Level 0.9 Summonings
 + Level 0.9 Necromancy
 + Level 0.9 Translocations
 + Level 0.9 Transmutations
 + Level 0.9 Fire Magic
 + Level 0.9 Ice Magic
 + Level 0.9 Air Magic
 + Level 0.9 Earth Magic
 + Level 0.9 Poison Magic
 + Level 1.2 Invocations
 + Level 1.1 Evocations


You had 2 spell levels left.
You knew the following spells:

 Your Spells              Type           Power        Failure   Level  Hunger
a - Infusion              Chrm           ###.         3%          1    None
b - Shroud of Golubria    Chrm/Tloc      ##........   13%         2    ##.....
c - Song of Slaying       Chrm           ###.....     5%          2    ##.....
d - Spectral Weapon       Hex/Chrm       ##......     26%         3    ###....
e - Regeneration          Chrm/Necr      ##........   26%         3    ###....


Dungeon Overview and Level Annotations

Branches:
Dungeon (3/15)

Altars:


Innate Abilities, Weirdness & Mutations

Your experience applies equally to all skills.
You have very sharp teeth.
Your uncanny sense of smell can sniff out nearby items.


Message History

You are too injured to fight recklessly!
You are too injured to fight recklessly!
You are too injured to fight recklessly!
You are too injured to fight recklessly!
You barely miss the gnoll.
The gnoll is moderately wounded.
The gnoll hits you but does no damage.
A gnoll comes into view. It is wielding a halberd.
You hit the gnoll. You bite the gnoll.
The gnoll is severely wounded.
You hit the gnoll. The gnoll hits you with a spear!
The gnoll hits you with a flail.
* * * LOW HITPOINT WARNING * * *
A gnoll comes into view. It is wielding a flail.
You hit the gnoll.
The gnoll is almost dead.
You closely miss the gnoll. The gnoll hits you with a spear.
* * * LOW HITPOINT WARNING * * *
The gnoll hits you with a flail.
You die...

.# #.# #.# #.#
#.# #.#
#######)###
#.........#####
#.###.#@g......
#)# #.#.g..####
#.# #.#.#..#
#.# #....g.#
#.# ###.# g#
######.# #.# .#
#......# #.# #
#.###### ..#
#.#


You could see 4 gnolls.

Vanquished Creatures
  2 adders (D:2)
  An ooze (D:2)
  2 worms (D:2)
  2 dart slugs
  6 leopard geckos
  An orc (D:3)
  3 giant cockroaches
  4 goblins
  8 hobgoblins
  A quokka (D:2)
  A ball python (D:2)
  3 frilled lizards
  8 kobolds
  5 rats
47 creatures vanquished.

Notes
Turn   | Place    | Note
-------+----------+-------------------------------------------
     0 | D:1      | asishallab the Gnoll Skald began the quest for the Orb.
     0 | D:1      | Reached XP level 1. HP: 20/20 MP: 6/6
   113 | D:1      | Reached XP level 2. HP: 24/26 MP: 7/7
   507 | D:1      | Reached XP level 3. HP: 21/31 MP: 9/9
   617 | D:1      | Reached skill level 5 in Spellcasting
   795 | D:1      | Learned a level 2 spell: Shroud of Golubria
   798 | D:1      | Learned a level 2 spell: Song of Slaying
   802 | D:1      | Learned a level 3 spell: Spectral Weapon
   806 | D:1      | Learned a level 3 spell: Regeneration
  1178 | D:2      | Reached skill level 1 in Invocations
  1332 | D:2      | Reached skill level 1 in Short Blades
  1332 | D:2      | Reached skill level 1 in Long Blades
  1332 | D:2      | Reached skill level 1 in Maces & Flails
  1332 | D:2      | Reached skill level 1 in Polearms
  1332 | D:2      | Reached skill level 1 in Staves
  1332 | D:2      | Reached skill level 1 in Slings
  1332 | D:2      | Reached skill level 1 in Bows
  1332 | D:2      | Reached skill level 1 in Crossbows
  1332 | D:2      | Reached skill level 1 in Throwing
  1332 | D:2      | Reached skill level 1 in Stealth
  1332 | D:2      | Reached skill level 1 in Shields
  1332 | D:2      | Reached skill level 1 in Unarmed Combat
  1332 | D:2      | Reached skill level 1 in Evocations
  1382 | D:2      | Reached XP level 4. HP: 35/38 MP: 11/11
  2110 | D:3      | Slain by a gnoll

Skill      XL: |  1  2  3 |
---------------+----------+-----
Spellcasting   | 5 |  5.1
Invocations    | 1 |  1.2
Short Blades   | 1 |  1.1
Long Blades    | 1 |  1.1
Maces & Flails | 1 |  1.1
Polearms       | 1 |  1.1
Staves         | 1 |  1.1
Slings         | 1 |  1.1
Bows           | 1 |  1.1
Crossbows      | 1 |  1.1
Throwing       | 1 |  1.1
Stealth        | 1 |  1.1
Shields        | 1 |  1.1
Unarmed Combat | 1 |  1.1
Evocations     | 1 |  1.1
Fighting       | |  4.6
Axes           | |  4.6
Armour         | |  2.7
Dodging        | |  4.6
Conjurations   | |  0.9
Hexes          | |  0.9
Charms         | |  5.4
Summonings     | |  0.9
Necromancy     | |  0.9
Translocations | |  0.9
Transmutations | |  0.9
Fire Magic     | |  0.9
Ice Magic      | |  0.9
Air Magic      | |  0.9
Earth Magic    | |  0.9
Poison Magic   | |  0.9

Action                   |  1- 3 |  4- 6 || total
-------------------------+-------+-------++-------
Melee: Hand axe          |   114 |    50 ||   164
       Bite              |    14 |     6 ||    20
  Eat: Chunk             |     2 |     1 ||     3
Armor: Leather armour    |     5 |       ||     5
       Ring mail         |    12 |    20 ||    32
Dodge: Dodged            |    72 |    27 ||    99
